 Dungeon Crawl Stone Soup version 0.30-a0-341-g682706514a (webtiles) character file.

Game seed: 12319668494309767640

21931 Muataran the Severer (level 12, -1/112 HPs)
             Began as a Hill Orc Fighter on Nov 1, 2022.
             Was an Elder of Qazlal.
             Slain by an eight-headed hydra (9 damage)
             ... on level 1 of the Lair of Beasts.
             The game lasted 00:25:03 (13703 turns).

Muataran the Severer (Hill Orc Fighter)            Turns: 13703, Time: 00:25:04

Health: -1/112     AC: 18    Str: 22    XL:     12   Next: 95%
Magic:  23/23      EV:  6    Int: 10    God:    Qazlal [****..]
Gold:   527        SH: 10    Dex: 10    Spells: 11/11 levels left

rFire   . . .      SeeInvis .    a - +1 war axe (protect)
rCold   . . .      Faith    .    c - +0 buckler
rNeg    . . .      Spirit   .    o - +1 plate armour
rPois   .          Reflect  .    A - +0 helmet
rElec   .          Harm     .    I - +0 cloak
rCorr   .          Rampage  .    p - +0 pair of gloves
Will    .....                    v - +0 pair of boots
Stlth   ..........               (no amulet)
HPRegen 0.38/turn                (no ring)
MPRegen 0.18/turn                (no ring)

@: lethally poisoned (-1 -> -30), about to teleport, repel missiles
A: no striking features
a: Renounce Religion, Upheaval, Elemental Force


You were on level 1 of the Lair of Beasts.
You worshipped Qazlal.
Qazlal was greatly pleased with you.
You visited 2 branches of the dungeon, and saw 14 of its levels.
You also visited: Ossuary.

You collected 623 gold pieces.
You spent 96 gold pieces at shops.

Inventory:

Hand Weapons
 a - a +1 war axe of protection (weapon)
Missiles
 C - 2 throwing nets (quivered)
Armour
 c - a +0 buckler (worn)
 o - a +1 plate armour (worn)
 p - a +0 pair of gloves (worn)
 v - a +0 pair of boots (worn)
 A - a +0 helmet (worn)
 I - a +0 cloak (worn)
Jewellery
 k - an amulet of the acrobat
 m - a ring of positive energy
 B - a ring of fire
 K - a +6 ring of strength
Wands
 f - a wand of acid (2)
 q - a wand of charming (6)
 y - a wand of flame (16)
 J - a wand of polymorph (4)
Scrolls
 g - 2 scrolls of enchant armour
 h - a scroll of enchant weapon
 t - 12 scrolls of noise
 z - 2 scrolls of teleportation
 D - 3 scrolls of butterflies
 E - a scroll of poison
 G - a scroll of fear
 H - 4 scrolls of identify
Potions
 b - 2 potions of invisibility
 d - 4 potions of might
 e - a potion of ambrosia
 i - 3 potions of attraction
 j - a potion of heal wounds
 l - a potion of brilliance
 n - 3 potions of berserk rage
 r - 6 potions of haste
 s - 2 potions of resistance
 u - 6 potions of curing
 w - 2 potions of cancellation
 x - 2 potions of flight


   Skills:
 + Level 11.8 Fighting
 * Level 17.2 Axes
 - Level 6.0 Armour
 - Level 5.0 Shields
 * Level 15.8 Invocations


You had 11 spell levels left.
You didn't know any spells.
Your spell library contained the following spells:

 Spells                   Type           Power      Damage    Failure   Level
 Beastly Appendage        Tmut           0%         N/A       100%        1
 Kiss of Death            Conj/Necr      0%         2d5       100%        1
 Shock                    Conj/Air       0%         1d3       100%        1
 Ensorcelled Hibernation  Hex/Ice        0%         N/A       100%        2
 Wereblood                Tmut           0%         N/A       100%        2
 Confusing Touch          Hex            0%         N/A       100%        3
 Gell's Gravitas          Tloc           0%         N/A       100%        3
 Lesser Beckoning         Tloc           0%         N/A       100%        3
 Spider Form              Tmut/Pois      0%         N/A       100%        3
 Swiftness                Air            0%         N/A       100%        3
 Teleport Other           Tloc           0%         N/A       100%        3
 Airstrike                Air            0%         2d(0-16)  100%        4
 Anguish                  Hex/Necr       0%         N/A       100%        4
 Dispel Undead            Necr           0%         3d6       100%        4
 Summon Lightning Spire   Summ/Air       0%         N/A       100%        4
 Lightning Bolt           Conj/Air       0%         1d11      100%        5


Dungeon Overview and Level Annotations

Branches:
Dungeon (12/15)            Temple (0/1) D:4            Lair (2/5) D:11
    Orc (0/2) D:11        Ossuary (visited)
  Swamp: Lair:2-3    Shoals: Lair:2-3     Snake: Lair:2-3    Spider: Lair:2-3

Altars:
Ashenzari
Cheibriados
Fedhas
Hepliaklqana
Kikubaaqudgha
Makhleb
Nemelex Xobeh
Qazlal
Ru
Sif Muna
Zin
The Shining One

Shops:
D:5 :(!

Annotations:
D:3 1 runed translucent door, Crazy Yiuf


Message History

The black mamba bites you!
A blink frog comes into view.
The black mamba bites you but does no damage.
The cane toad stings you but does no damage.
The death yak gores you but does no damage.
You block the cane toad's attack. The black mamba bites you.
You are poisoned.
The black mamba poisons you! The cane toad stings you.
The eight-headed hydra bites you!
The eight-headed hydra bites you but does no damage. x2
The eight-headed hydra bites you. x2
The eight-headed hydra barely misses you.
You block the eight-headed hydra's attack.
The eight-headed hydra bites you but does no damage.
There is a stone staircase leading up, spattered with blood here.
You feel very sick.
You hear a loud, deep croak!
The black mamba completely misses you. The death yak gores you!
The death yak is engulfed in blazing flames.
The eight-headed hydra bites you but does no damage.
You block the eight-headed hydra's attack.
The eight-headed hydra bites you but does no damage. x2
The eight-headed hydra bites you!
You block the eight-headed hydra's attack.
The eight-headed hydra bites you. The eight-headed hydra bites you!
The black mamba barely misses you. The cane toad stings you.
* * * LOW HITPOINT WARNING * * *
You climb upwards.
You feel very sick.
There is a stone staircase leading down, spattered with blood here.
Okay, then.
As you read the scroll of teleportation, it crumbles to dust.
You feel strangely unstable.
You feel sick. You block the black mamba's attack.
The death yak gores you but does no damage.
The cane toad stings you!!
* * * LOW HITPOINT WARNING * * *
You are lethally poisoned!
The cane toad poisons you! The cane toad barely misses you.
The eight-headed hydra bites you!
You die...

**** *,,,,,.........#.# #.......#
**,***,,,...........#####......##
,,,,**,,,...........# #.......##*
*,,,,,,,,..........## ##........#
******,,,..........# *#........#
**,,..........#**#..........
**,........○.#*,...........
**......F.S.##*...........
*,#....Y@†°.#*..........#
**#....†FD☼.?#.........##
##......☼.....,,,,..#*#
#..####......,,,,.,,##
##.,,**#.....,,,,,,... #*,**
*.....*,*,,.... *,,*
*,#.[.*,*,,....
**,*****#..*,*,,.... *,,*
***,*,*,,....


You could see a death yak, an eight-headed hydra, a black mamba and 2 cane
toads.

Vanquished Creatures
  Snorg (D:12)
  An ogre mage (D:12)
  10 two-headed ogres
  A boulder beetle (D:12)
  3 death yaks (D:11)
  Pikel (D:8)
  An ugly thing (D:12)
  A manticore (D:12)
  2 cyclopes (D:11)
  Maggie (D:6)
  Joseph (D:8)
  A gargoyle (D:12)
  3 cane toads
  An unseen horror (D:11)
  2 komodo dragons (Lair:2)
  A polar bear (Lair:1)
  A troll (D:11)
  A hornet (D:8)
  A vampire (D:12)
  9 yaks
  A wraith (D:9)
  4 wyverns
  6 water moccasins
  2 acid dragons
  A swamp drake (D:11)
  4 orc warriors
  11 wolves (Lair:1)
  4 ogres
  3 centaurs
  A phantom (D:5)
  A lemure (D:8)
  3 bullfrogs
  2 kobold brigands
  5 scorpions
  3 necrophages
  9 killer bees
  3 howler monkeys
  3 jellies
  A hound (D:5)
  12 orc priests
  A gnoll bouda (D:8)
  2 iguanas
  11 orc wizards
  Ijyb (D:5)
  4 hell rats (D:11)
  4 mummies (Ossuary)
  3 gnolls (D:8)
  5 adders
  2 shadow imps
  3 white imps
  2 ufetubi
  6 worms
  29 orcs
  4 endoplasms
  4 giant cockroaches
  3 gnoll zombies (Ossuary)
  7 hobgoblins
  6 jackals
  17 kobolds
  7 quokkas
  4 ball pythons
  6 bats
  12 frilled lizards
  9 goblins
  A goblin zombie (Ossuary)
  A hobgoblin zombie (Ossuary)
  A kobold zombie (Ossuary)
  2 orc zombies (Ossuary)
  5 rats
284 creatures vanquished.

Vanquished Creatures (others)
  A fungus (Lair:1)
  20 plants (Lair:1)
21 creatures vanquished.

Grand Total: 305 creatures vanquished

Notes
Turn   | Place    | Note
-------+----------+-------------------------------------------
     0 | D:1      | Muataran the Hill Orc Fighter began the quest for the Orb.
     0 | D:1      | Reached XP level 1. HP: 19/19 MP: 1/1
   146 | D:1      | Reached skill level 3 in Axes
   164 | D:1      | Reached XP level 2. HP: 27/27 MP: 2/2
   384 | D:3      | Found a burning altar of Makhleb.
   386 | D:3      | Found a glowing golden altar of the Shining One.
   389 | D:3      | Found a stormy altar of Qazlal.
   389 | D:3      | Found a hazy altar of Hepliaklqana.
   399 | D:3      | Reached XP level 3. HP: 33/33 MP: 3/3
   401 | D:3      | Became a worshipper of Qazlal Stormbringer
  1110 | D:2      | Reached * piety under Qazlal
  1460 | D:2      | Reached skill level 4 in Axes
  1460 | D:2      | Reached XP level 4. HP: 29/40 MP: 4/4
  1603 | D:2      | Found a faded altar of an unknown god.
  1957 | D:3      | Noticed an ogre
  1967 | D:3      | Killed an ogre
  1968 | D:3      | Reached XP level 5. HP: 8/47 MP: 5/5
  2511 | D:3      | Found a runed translucent door.
  2512 | D:3      | Noticed Crazy Yiuf
  2610 | D:4      | Reached skill level 5 in Axes
  2610 | D:4      | Reached skill level 5 in Shields
  2610 | D:4      | Reached XP level 6. HP: 48/53 MP: 6/6
  2618 | D:4      | Found a blossoming altar of Fedhas.
  2693 | D:4      | Found a staircase to the Ecumenical Temple.
  2771 | D:4      | Reached ** piety under Qazlal
  2849 | D:4      | Found an ancient bone altar of Kikubaaqudgha.
  2949 | D:4      | Found a sand-covered staircase.
  2954 | Ossuary  | Entered an ossuary
  3459 | D:4      | Reached skill level 6 in Axes
  3661 | D:4      | Reached skill level 5 in Fighting
  3861 | D:5      | Entered Level 5 of the Dungeon
  3872 | D:5      | Reached XP level 7. HP: 61/61 MP: 7/7
  3928 | D:5      | Found Igaon's Book Emporium.
  3963 | D:5      | Noticed Ijyb
  3979 | D:5      | Killed Ijyb
  3985 | D:5      | Reached skill level 7 in Axes
  3987 | D:5      | Reached skill level 1 in Invocations
  4123 | D:5      | Reached skill level 5 in Armour
  4331 | D:5      | Found a shimmering blue altar of Sif Muna.
  4365 | D:5      | Reached XP level 8. HP: 60/70 MP: 8/10
  4399 | D:5      | Found a sacrificial altar of Ru.
  4469 | D:5      | Found Foeqooxa's Distillery.
  4484 | D:5      | Bought a potion of heal wounds for 60 gold pieces
  4484 | D:5      | Bought a potion of curing for 36 gold pieces
  4537 | D:5      | Reached skill level 8 in Axes
  4710 | D:5      | Found a broken altar of Ashenzari.
  4711 | D:5      | Found Jyintuir's Weapon Boutique.
  4727 | D:5      | Reached *** piety under Qazlal
  5443 | D:6      | Noticed Maggie
  5473 | D:6      | Killed Maggie
  5474 | D:6      | Reached skill level 9 in Axes
  5474 | D:6      | Reached skill level 5 in Invocations
  5474 | D:6      | Reached XP level 9. HP: 22/78 MP: 11/13
  6757 | D:8      | Reached skill level 10 in Axes
  6813 | D:8      | Noticed a two-headed ogre
  6822 | D:8      | Killed a two-headed ogre
  6868 | D:8      | Noticed Pikel
  6888 | D:8      | Killed Pikel
  6889 | D:8      | Reached skill level 11 in Axes
  6889 | D:8      | Reached XP level 10. HP: 65/88 MP: 16/16
  7000 | D:8      | Found a snail-covered altar of Cheibriados.
  7622 | D:8      | Noticed Joseph
  7640 | D:8      | Killed Joseph
  7726 | D:8      | Paralysed by a hornet for 2 turns
  7729 | D:8      | Reached skill level 12 in Axes
  8163 | D:9      | Noticed a two-headed ogre
  8174 | D:9      | Killed a two-headed ogre
  8175 | D:9      | Reached skill level 10 in Invocations
  8488 | D:9      | Reached **** piety under Qazlal
  8629 | D:9      | Reached skill level 13 in Axes
  8749 | D:9      | Found a sparkling altar of Nemelex Xobeh.
  9089 | D:10     | Entered Level 10 of the Dungeon
  9216 | D:10     | Noticed a two-headed ogre
  9219 | D:10     | Killed a two-headed ogre
  9220 | D:10     | Reached XP level 11. HP: 97/97 MP: 15/19
  9231 | D:10     | Noticed a two-headed ogre
  9243 | D:10     | Killed a two-headed ogre
  9371 | D:10     | Found a glowing silver altar of Zin.
 10092 | D:11     | Reached skill level 14 in Axes
 10449 | D:11     | Found a staircase to the Orcish Mines.
 10626 | D:11     | Noticed a cyclops
 10636 | D:11     | Killed a cyclops
 10637 | D:11     | Reached skill level 10 in Fighting
 10766 | D:11     | Noticed a cyclops
 10782 | D:11     | Killed a cyclops
 11237 | D:11     | Noticed a death yak
 11237 | D:11     | Noticed a death yak
 11238 | D:11     | Noticed a death yak
 11246 | D:11     | Killed a death yak
 11255 | D:11     | Killed a death yak
 11256 | D:11     | Reached skill level 15 in Axes
 11261 | D:11     | Killed a death yak
 11524 | D:11     | Found a staircase to the Lair.
 11633 | D:12     | Noticed a boulder beetle
 11869 | D:12     | Killed a boulder beetle
 11975 | D:12     | Noticed a two-headed ogre
 11993 | D:12     | Killed a two-headed ogre
 11994 | D:12     | Reached XP level 12. HP: 62/108 MP: 22/22
 12119 | D:12     | Noticed a two-headed ogre
 12120 | D:12     | Noticed a two-headed ogre
 12130 | D:12     | Killed a two-headed ogre
 12130 | D:12     | Noticed Snorg
 12131 | D:12     | Noticed an ogre mage
 12133 | D:12     | Noticed a two-headed ogre
 12134 | D:12     | Killed a two-headed ogre
 12135 | D:12     | Killed a two-headed ogre
 12140 | D:12     | Noticed a two-headed ogre
 12141 | D:12     | Noticed a two-headed ogre
 12146 | D:12     | Killed Snorg
 12147 | D:12     | Reached skill level 16 in Axes
 12443 | D:12     | Paralysed by something for 4 turns
 12449 | D:12     | Killed an ogre mage
 12466 | D:11     | Killed a two-headed ogre
 12551 | D:12     | Killed a two-headed ogre
 12552 | D:12     | Reached skill level 15 in Invocations
 13024 | Lair:1   | Entered Level 1 of the Lair of Beasts
 13415 | Lair:1   | You fall into a shaft and drop 1 floor!
 13436 | Lair:2   | Reached skill level 17 in Axes
 13459 | Lair:2   | Noticed an eight-headed hydra
 13461 | Lair:2   | Noticed a death yak
 13462 | Lair:2   | Noticed a death yak
 13463 | Lair:2   | Noticed a death yak
 13703 | Lair:1   | Slain by an eight-headed hydra

Illustrated notes

Levels and vault maps discovered:
D:1:      dpeg_arrival_houses_and_road, layout_loops_ring,
          minmay_split_cup_small
D:2:      layout_basic, hellmonk_ecumenical_altar_inner_sanctum,
          minmay_lizard_pond
D:3:      layout_loops_ring, grunt_temple_overflow_open, uniq_crazy_yiuf_cottage
D:4:      layout_basic, fedhas_altar_4, mainiacjoe_overflow_six_doors_small,
          temple_fountains, enter_ossuary_5
D:5:      layout_basic, nicolae_ru_great_annihilating_truth,
          mainiacjoe_overflow_alcove_1, kennysheep_mini_moat, serial_shops,
          nicolae_shop_trees, nicolae_shop_crystal, nicolae_shop_hallway_stairs,
          uniq_ijyb
D:6:      layout_basic, uniq_maggie
D:7:      layout_basic
D:8:      layout_gridville, overflow_temple_1_default, uniq_pikel, uniq_joseph
D:9:      layout_long_grid, overflow_temple_1_default, enter_bailey_5,
          hex_medium
D:10:     layout_irregular_city, mainiacjoe_overflow_chevrons,
          nrook_loot_triangle
D:11:     layout_small_grid, dpeg_lair_monsters, erik_orc_1
D:12:     layout_loops_corners, uniq_snorg
Lair:1:   hellmonk_destroyed_diamonds, layout_cave_pods, serial_forest,
          infiniplex_forest_clump_tiny, infiniplex_forest_straight_3,
          infiniplex_forest_lined_room_2, infiniplex_forest_corner_2,
          infiniplex_forest_clump_medium, infiniplex_forest_clump_C,
          infiniplex_forest_clump_tiny, serial_bayou_shore_b
Lair:2:   layout_cave_shapes, nicolae_swamp_entry_splash_gauntlet,
          grunt_megastairs_4, uniq_gastronok

Skill      XL: |  1  2  3  4  5  6  7  8  9 10 11 12 |
---------------+-------------------------------------+-----
Axes           | 3 4 5 6 7 9 11 13 15 17 | 17.2
Fighting       | 4 5 6 8 9 10 11 | 11.8
Shields        | 4 5 |  5.0
Armour         | 4 5 6 |  6.0
Invocations    | 2 5 8 11 14 15 | 15.8

Action                   |  1- 3 |  4- 6 |  7- 9 | 10-12 || total
-------------------------+-------+-------+-------+-------++-------
Melee: Mace              |    92 |   153 |    54 |       ||   299
       War axe           |       |       |   194 |   590 ||   784
Invok: Upheaval          |       |       |     1 |    11 ||    12
Evoke: Wand              |       |       |     2 |     4 ||     6
  Use: Potion            |       |     1 |     2 |     3 ||     6
       Scroll            |       |    13 |     4 |    10 ||    27
 Stab: Invisible         |       |       |     4 |       ||     4
Armor: Chain mail        |    20 |       |       |       ||    20
       Scale mail        |     1 |       |       |       ||     1
       Plate armour      |    36 |    64 |   143 |   297 ||   540
Dodge: Dodged            |    23 |    21 |    56 |   108 ||   208
Block: Buckler           |    23 |    47 |   115 |   217 ||   402

Table legend: (Time is in decaauts)
 A = Elapsed time spent in this place.
 B = Non-inter-level travel time spent in this place.
 C = Inter-level travel time spent in this place.
 D = Time resting spent in this place.
 E = Time spent auto-exploring this place.
 F = Levels seen in this place.
 G = Mean time per level.
                   A        B        C        D        E       F      G
               +--------+--------+--------+--------+--------+-----+--------+
         Total |  13696 |  13105 |    591 |   2814 |   7846 |  15 |  913.1 |
       Dungeon |  12578 |  11988 |    590 |   2452 |   7421 |  12 | 1048.2 |
          Lair |    629 |    629 |      0 |    181 |    294 |   2 |  314.5 |
       Ossuary |    488 |    488 |      0 |    180 |    131 |   1 |  488.0 |
               +--------+--------+--------+--------+--------+-----+--------+

Top non-repeatable levels by time:
    D:11: 2065 daAuts
     D:7: 1350 daAuts
     D:9: 1101 daAuts
     D:5: 984 daAuts
     D:3: 982 daAuts
    D:10: 963 daAuts
     D:8: 921 daAuts
     D:6: 900 daAuts
    D:12: 838 daAuts
     D:2: 836 daAuts
     D:1: 831 daAuts
     D:4: 803 daAuts
  Lair:1: 581 daAuts
 Ossuary: 488 daAuts
  Lair:2: 48 daAuts
